 Dungeon Crawl Stone Soup version 0.31-a0-986-g5e6e4ef867 (webtiles) character file.

Game seed: 1874252535764317269

75 Maxmaps the Changeling (level 4, 0/28 HPs)
             Began as an Octopode Shapeshifter on Nov 6, 2023.
             Succumbed to an adder's poison
             ... on level 2 of the Dungeon.
             The game lasted 00:01:37 (1076 turns).

Maxmaps the Changeling (Octopode Shapeshifter)      Turns: 1076, Time: 00:01:38

Health: 0/28       AC:  1    Str: 13    XL:     4   Next: 31%
Magic:  4/4        EV: 13    Int: 14    God:
Gold:   41         SH:  0    Dex: 11    Spells: 3/3 levels left

rFire   . .          .
                       - Unarmed
rCold   . . .        (no shield)
rNeg    . . .        (helmet currently unavailable)
rPois   .            (no amulet)
rElec   .            (no ring)
rCorr   .            (no ring)
SInv    .            (no ring)
Will    .....        (no ring)
Stlth   ++           (no ring)
HPRegen 0.24/turn    (no ring)
MPRegen 0.09/turn    (no ring)
                     (no ring)

%: no passive effects
@: lethally poisoned (0 -> -4), beast-form, attractive
A: beast (slay +2), almost no armour, amphibious, 8 rings, camouflage 1,
gelatinous body 1, (nimble swimmer 1), tentacles
a: Begin Untransformation


You were on level 2 of the Dungeon.
You were a hulking beast.
You visited 1 branch of the dungeon, and saw 2 of its levels.

You collected 67 gold pieces.
You spent 26 gold pieces at shops.

Inventory:

Hand Weapons
 a - a +0 dagger of venom
Talismans
 b - a beast talisman
 c - a flux talisman
Scrolls
 e - a scroll of fog
Potions
 d - 2 potions of cancellation


   Skills:
 - Level 1.0 Fighting
 - Level 2.0 Dodging
 - Level 3.0 Unarmed Combat
 + Level 4.7 Shapeshifting


You had 3 spell levels left.
You didn't know any spells.
Your spell library contained the following spells:

 Spells                   Type           Power      Damage    Failure   Level
 Kiss of Death            Conj/Necr      0%         2d5       28%         1
 Confusing Touch          Hex            0%         N/A       65%         3
 Dispel Undead            Necr           0%         3d6       96%         4


Dungeon Overview and Level Annotations

Branches:
Dungeon (2/15)

Altars:

Shops:
D:1 ?*


Innate Abilities, Weirdness & Mutations

You are a hulking beast.
Your limbs bulge with bestial killing power. (Slay +2)
You cannot wear most types of armour.
You are amphibious.
You can wear up to eight rings at the same time.
Your skin changes colour to match your surroundings (Stealth+).
Your rubbery body absorbs attacks. (AC +1, EV +1)
((You are camouflaged when in or above water. (Stealth+)))
You have tentacles for arms and can constrict up to eight enemies at once.


Message History

You constrict the adder.
You feel sick. The adder closely misses you.
You are too injured to fight recklessly!
You are too injured to fight recklessly!
You are too injured to fight recklessly!
You are too injured to fight recklessly!
You are too injured to fight recklessly!
You are too injured to fight recklessly!
You are too injured to fight recklessly!
You are too injured to fight recklessly!
You tentacle-slap the adder.
The adder is heavily wounded.
You constrict the adder.
You feel sick. The adder bites you but does no damage. The adder bites you.
You are lethally poisoned!
The adder poisons you!
You tentacle-slap the adder.
The adder is almost dead.
You constrict the adder.
You kill the adder!
* * * LOW HITPOINT WARNING * * *
You feel very sick.
* * * LOW HITPOINT WARNING * * *
You feel very sick.
It was a potion of attraction.
You feel attractive to monsters.
* * * LOW HITPOINT WARNING * * *
You feel sick.
There is a lethal amount of poison in your body!
There is a lethal amount of poison in your body!
You are too injured to fight recklessly!
Okay, then.
There is a lethal amount of poison in your body!
There is a lethal amount of poison in your body!
There is a lethal amount of poison in your body!
There is a lethal amount of poison in your body!
* * * LOW HITPOINT WARNING * * *
You feel sick.
* * * LOW HITPOINT WARNING * * *
You feel sick.
You die...

.# .# .# .# .# #
.# #. ###.# #.
#h..# #. #.### ##
#.# #########
#.########.......#
#.##..........##.#
#.##.#####.##.##.#
#....# #.##.....
###### #.#####.#
#.......#


There were no monsters in sight!

Vanquished Creatures
  Robin (D:2)
  2 adders (D:2)
  2 dart slugs (D:1)
  2 endoplasms (D:1)
  A giant cockroach (D:1)
  7 hobgoblins
  2 jackals (D:1)
  A quokka (D:1)
  4 ball pythons
  2 bats (D:1)
  2 frilled lizards (D:1)
  8 goblins
  3 kobolds (D:1)
  3 rats (D:2)
40 creatures vanquished.

Notes
Turn   | Place    | Note
-------+----------+-------------------------------------------
     0 | D:1      | Maxmaps the Octopode Shapeshifter began the quest for the
                  | Orb.
     0 | D:1      | Reached XP level 1. HP: 13/13 MP: 1/1
   161 | D:1      | Reached XP level 2. HP: 16/18 MP: 2/2
   231 | D:1      | Found Ifuw Gim's Assorted Antiques.
   503 | D:1      | Reached XP level 3. HP: 23/23 MP: 3/3
   515 | D:1      | Reached skill level 4 in Shapeshifting
   750 | D:1      | Found Mexe's Magic Scroll Boutique.
   753 | D:1      | Bought a scroll of identify for 26 gold pieces
   902 | D:2      | Noticed Robin
   931 | D:2      | Killed Robin
  1022 | D:2      | Reached XP level 4. HP: 26/28 MP: 4/4
  1075 | D:2      | HP: 1/28 [poisoned by an adder]
  1076 | D:2      | Succumbed to an adder's poison

Illustrated notes

Levels and vault maps discovered:
D:1:      heliophobic_arrival_ceremonial_halls, layout_loops_cross,
          serial_shops, nicolae_shop_rolled_up, shop, minmay_hedge_maze
D:2:      layout_loops_cross, uniq_robin

Skill      XL: |  1  2  3 |
---------------+----------+-----
Shapeshifting  | 4 |  4.7
Fighting       | |  1.0
Dodging        | |  2.0
Unarmed Combat | |  3.0

Action                     |  1- 3 |  4- 6 || total
---------------------------+-------+-------++-------
  Melee: Unarmed           |    70 |     7 ||    77
         Constrict         |    13 |     1 ||    14
         Tentacles         |     8 |       ||     8
         Punch             |     2 |       ||     2
    Use: Scroll            |     3 |       ||     3
         Potion            |     2 |     1 ||     3
   Stab: Sleeping          |     5 |     2 ||     7
 Armour: Skin              |    42 |     6 ||    48
  Dodge: Dodged            |    29 |     1 ||    30

Table legend: (Time is in decaauts)
 A = Elapsed time spent in this place.
 B = Non-inter-level travel time spent in this place.
 C = Inter-level travel time spent in this place.
 D = Time resting spent in this place.
 E = Time spent auto-exploring this place.
 F = Levels seen in this place.
 G = Mean time per level.
                   A        B        C        D        E       F      G
               +--------+--------+--------+--------+--------+-----+--------+
         Total |   1070 |   1048 |     22 |     31 |    809 |   2 |  535.0 |
       Dungeon |   1070 |   1048 |     22 |     31 |    809 |   2 |  535.0 |
               +--------+--------+--------+--------+--------+-----+--------+

Top non-repeatable levels by time:
     D:1: 857 daAuts
     D:2: 213 daAuts
